 Dungeon Crawl Stone Soup version 0.27.0-1-g7a08968 (webtiles) character file.

Game seed: 24311282283416841

3588 NeededCrab the Cleaver (level 9, -1/73 (74) HPs)
             Began as a Deep Dwarf Fighter on Oct 3, 2021.
             Was a Priest of Elyvilon.
             Shot with an arrow by a centaur (3 damage)
             ... on level 9 of the Dungeon.
             The game lasted 00:24:50 (7450 turns).

NeededCrab the Cleaver (Deep Dwarf Fighter)         Turns: 7450, Time: 00:24:50

HP:   -1/73 (74)    AC:  9    Str: 24    XL:     9   Next: 85%
MP:   9/9           EV:  7    Int: 10    God:    Elyvilon [***...]
Gold: 329           SH: 12    Dex: 14    Spells: 8/8 levels left

rFire    . . .     SeeInvis .   a - +0 war axe
rCold    . . .     Faith    .   c - +0 kite shield
rNeg     . . .     Spirit   .   r - +1 chain mail of Peunkirch {Will+ Str+4}
rPois    .         Reflect  .   q - +0 helmet
rElec    .         Harm     .   (no cloak)
rCorr    .         Rampage  .   (no gloves)
Will     ++...                  (no boots)
Stlth    ..........             (no amulet)
HPRegen  0.00/turn              f - ring of wizardry
MPRegen  0.11/turn              (no ring)

@: corroded, lightly drained
A: damage resistance, heal wounds, sense surroundings 2, no regeneration
a: Heal Wounds, Renounce Religion, Lesser Healing, Heal Other, Purification,
Divine Protection


You were on level 9 of the Dungeon.
You worshipped Elyvilon.
Elyvilon was most pleased with you.
You visited 2 branches of the dungeon, and saw 10 of its levels.
You also visited: Sewer.

You collected 472 gold pieces.
You spent 143 gold pieces at shops.

Inventory:

Hand Weapons
 a - a +0 war axe (weapon)
Armour
 c - a +0 kite shield (worn)
 n - a +0 plate armour
 q - a +0 helmet (worn)
 r - the +1 chain mail of Peunkirch (worn) {Will+ Str+4}
   (You found it on level 5 of the Dungeon)

   Str:       It affects your strength (+4).
   Will:      It increases your willpower.
Jewellery
 f - a ring of wizardry (left hand)
 y - a ring of fire
Scrolls
 h - a scroll of brand weapon {unknown}
 i - 11 scrolls of identify {unknown}
 j - 3 scrolls of enchant armour {unknown}
 k - a scroll of holy word {unknown}
 m - 2 scrolls of magic mapping {unknown}
 p - 3 scrolls of enchant weapon {unknown}
 s - 2 scrolls of teleportation {unknown}
 u - 3 scrolls of acquirement {unknown}
 w - 2 scrolls of fear {unknown}
 x - a scroll of summoning {unknown}
Potions
 b - a potion of attraction {unknown}
 d - 2 potions of might
 e - a potion of resistance {unknown}
 g - 5 potions of curing
 l - a potion of mutation {unknown}
 o - 4 potions of heal wounds
 t - 2 potions of haste {unknown}
 v - a potion of invisibility {unknown}
 z - 4 potions of flight


   Skills:
 - Level 2.6 Fighting
 * Level 10.2 Axes
 + Level 7.8 Armour
 + Level 9.0 Shields
 + Level 5.2 Invocations


You had 8 spell levels left.
You didn't know any spells.
Your spell library contained the following spells:

 Spells                   Type           Power      Damage    Failure   Level
 Frozen Ramparts          Ice            0%         1d2       99%         3
 Airstrike                Air            0%         N/A       100%        4
 Ice Form                 Ice/Tmut       0%         N/A       100%        4
 Summon Ice Beast         Ice/Summ       0%         N/A       100%        4
 Summon Lightning Spire   Summ/Air       0%         N/A       100%        4
 Lightning Bolt           Conj/Air       0%         1d11      100%        5


Dungeon Overview and Level Annotations

Branches:
Dungeon (9/15)             Temple (1/1) D:4             Orc (0/2) D:9
  Sewer (visited)
   Lair: D:8-11

Altars:
Ashenzari
Cheibriados
Dithmenos
Elyvilon
Fedhas
Gozag
Hepliaklqana
Kikubaaqudgha
Makhleb
Nemelex Xobeh
Okawaru
Qazlal
Ru
Sif Muna
Trog
Uskayaw
Vehumet
Wu Jian
Xom
Yredelemnul
Zin
The Shining One

Shops:
D:3 =   D:4 !   D:7 :


Innate Abilities, Weirdness & Mutations

You are resistant to damage.
You can heal yourself by infusing magical energy.
You passively map the area around you.
You do not regenerate.


Message History

The acid dragon is severely wounded.
You block the acid dragon's attack.
The acid dragon claws you but does no damage.
You hit the acid dragon but do no damage.
The acid dragon is severely wounded.
The acid dragon bites you but does no damage.
The acid dragon closely misses you.
You hit the acid dragon.
The acid dragon is severely wounded.
You block the acid dragon's attack.
The acid dragon claws you but does no damage.
You beseech Elyvilon to protect your life.
The acid dragon bites you.
* * * LOW HITPOINT WARNING * * *
The acid dragon claws you but does no damage.
Really attack the acid dragon while asking for your life to be spared?
This attack would place you under penance!
Okay, then.
You renew your call for help.
You block the acid dragon's attack. The acid dragon completely misses you.
The acid dragon spits acid at you. The splash of acid hits you.
The acid corrodes you!
You are splashed with acid!
* * * LOW HITPOINT WARNING * * *
You hear a shout!
You feel much better.
A steam dragon comes into view.
The steam dragon hisses angrily.
The acid dragon spits acid at you. The splash of acid hits you!
You are splashed with acid!
* * * LOW HITPOINT WARNING * * *
A centaur comes into view.
The centaur shouts!
The centaur wields a +0 shortbow.
The centaur shoots an arrow.
You block the arrow.
The steam dragon bites you but does no damage.
You block the steam dragon's attack.
Your divine protection fades away.
The centaur shoots an arrow.
The arrow hits you!
* * * LOW HITPOINT WARNING * * *
You fail to use your ability.
The centaur shoots an arrow.
The arrow hits you!
You die...

* , ........).)# *
* * ,
,######..###### *
, , ,
.............. , ,
......#.#..... ,,*
,#............. ,
,* ,,
.#....#.#....# , *
####*
########.###### ,
#.c.###D##
##.##?.#.. , ,,,*
*
#@#.#.###.#####.#*
, * *
##D###D..####..##
, * ,*#.##
####.##.### ***
..# ##..## * * ###
####* , ,,, , , ,,
, ≈≈≈≈ ≈ ≈ ≈ ≈ ≈
≈≈ * * ≈ ≈≈ ≈≈ * *
, , ,, ,


You could see a steam dragon and a centaur.

Vanquished Creatures
  2 wyverns
  An orc warrior (D:7)
  A sky beast (D:6)
  2 black bears (D:7)
  2 necrophages
  3 centaurs
  A phantom (D:6)
  2 kobold brigands
  4 bullfrogs
  A water moccasin zombie (D:5)
  3 water moccasin skeletons (D:4)
  13 wights
  2 electric eels (D:6)
  4 howler monkeys
  3 centaur zombies
  A bullfrog zombie (D:5)
  3 hounds
  An orc priest (D:8)
  A gnoll shaman (D:5)
  A bullfrog skeleton (D:4)
  4 iguanas
  3 orc wizards
  A hound zombie (D:5)
  Robin (D:4)
  8 gnolls
  A river rat (Sewer)
  5 adders
  An adder skeleton (D:4)
  2 worms
  2 dart slugs (D:2)
  10 orcs
  2 endoplasms
  4 giant cockroaches
  13 hobgoblins
  2 jackals (Sewer)
  5 quokkas
  10 ball pythons
  4 bats
  4 frilled lizards
  14 goblins
  15 kobolds
  6 rats
168 creatures vanquished.

Vanquished Creatures (others)
  An orc (D:6)
  4 plants (D:1)
5 creatures vanquished.

Grand Total: 173 creatures vanquished

Notes
Turn   | Place    | Note
-------+----------+-------------------------------------------
     0 | D:1      | NeededCrab the Deep Dwarf Fighter began the quest for the
                  | Orb.
     0 | D:1      | Reached XP level 1. HP: 20/20 MP: 1/1
   181 | D:1      | Found a faded altar of an unknown god.
   229 | D:1      | Reached XP level 2. HP: 24/27 MP: 2/2
   852 | D:2      | Reached skill level 3 in Axes
   910 | D:2      | Reached XP level 3. HP: 24/33 MP: 3/3
  1718 | D:3      | Reached XP level 4. HP: 40/40 MP: 4/4
  1791 | D:3      | Found Wyfratel's Jewellery Boutique.
  2030 | D:3      | Noticed a necrophage
  2054 | D:3      | Killed a necrophage
  2055 | D:3      | Reached skill level 4 in Axes
  2055 | D:3      | Reached XP level 5. HP: 37/46 MP: 5/5
  2429 | D:4      | Found a staircase to the Ecumenical Temple.
  2441 | Temple   | Entered the Ecumenical Temple
  2497 | Temple   | Became a worshipper of Elyvilon the Healer
  2865 | D:4      | Reached skill level 5 in Axes
  2901 | D:4      | Reached skill level 5 in Shields
  2901 | D:4      | Reached XP level 6. HP: 36/55 MP: 6/6
  2901 | D:4      | Found Iryff's Distillery.
  2920 | D:4      | Bought a potion of curing for 39 gold pieces
  2920 | D:4      | Bought a potion of curing for 39 gold pieces
  2920 | D:4      | Bought a potion of heal wounds for 65 gold pieces
  2929 | D:4      | Noticed a fire elemental
  2930 | D:4      | Found a stormy altar of Qazlal.
  3149 | D:4      | Reached * piety under Elyvilon
  3166 | D:4      | Noticed an air elemental
  3166 | D:4      | Noticed a water elemental
  3283 | D:4      | Noticed Robin
  3346 | D:4      | Killed Robin
  3623 | D:5      | Entered Level 5 of the Dungeon
  3639 | D:5      | Reached skill level 5 in Armour
  3639 | D:5      | Reached XP level 7. HP: 45/61 MP: 5/5
  3684 | D:5      | Identified the +1 chain mail of Peunkirch {Will+ Str+4}
  3855 | D:5      | Reached skill level 6 in Axes
  3888 | D:5      | You fall into a shaft and drop 3 floors!
  4281 | D:7      | Reached skill level 7 in Axes
  4281 | D:7      | Reached XP level 8. HP: 59/68 MP: 6/6
  4305 | D:7      | Reached ** piety under Elyvilon
  4573 | D:7      | Found Toenipeb's Book Boutique.
  4999 | D:6      | Reached skill level 8 in Axes
  5021 | D:6      | Found a glowing drain.
  5030 | Sewer    | Entered a sewer
  5034 | Sewer    | Reached skill level 1 in Invocations
  5137 | Sewer    | Found a white marble altar of Elyvilon.
  5844 | D:6      | Gained mutation: You passively map the area around you.
                  | [Deep Dwarf growth]
  5844 | D:6      | Reached XP level 9. HP: 21/74 MP: 7/7
  6338 | D:7      | Reached skill level 9 in Axes
  6489 | D:7      | Reached *** piety under Elyvilon
  7043 | D:8      | Reached skill level 10 in Axes
  7062 | D:8      | Reached skill level 5 in Invocations
  7354 | D:9      | Found a staircase to the Orcish Mines.
  7449 | D:9      | HP: 2/73 [centaur/arrow (10)]
  7450 | D:9      | Shot with an arrow by a centaur

Illustrated notes

Levels and vault maps discovered:
D:1:      nzn_arrival_depleted_hourglass, layout_basic,
          dilly_ecumenical_altar_fadedgnrine
D:2:      layout_loops_ring, grunt_ministairs_3, grunt_decor_cap
D:3:      minmay_razor_zed, layout_basic, serial_shops, shop,
          minmay_strange_pillars, corexii_hall_statues_i
D:4:      layout_basic, nicolae_qazlal_style_of_elements, temple_pool_b,
          serial_shops, nicolae_shop_stone, interstate_on_off, uniq_robin
D:5:      layout_basic
D:6:      cheibrodos_thug_alley, layout_loops_ring, cheibrodos_sewer_entry_bend,
          kennysheep_boxes
D:7:      layout_basic, serial_shops, nicolae_stop_n_shop_1,
          amcnicky_mini_corridor_feature
D:8:      layout_basic
D:9:      wad_river_or_something, layout_basic
Temple:   minmay_crystal_snake_temple

Skill      XL: |  1  2  3  4  5  6  7  8  9 |
---------------+----------------------------+-----
Axes           | 3 4 5 7 8 10 | 10.2
Armour         | 4 5 6 7 |  7.8
Shields        | 4 5 6 8 9 |  9.0
Invocations    | 2 5 |  5.2
Fighting       | |  2.6

Action                   |  1- 3 |  4- 6 |  7- 9 || total
-------------------------+-------+-------+-------++-------
Melee: War axe           |   136 |   192 |   469 ||   797
Invok: Lesser Healing    |       |     1 |    45 ||    46
       Divine Protection |       |       |     2 ||     2
 Abil: Heal Wounds       |     2 |     4 |     7 ||    13
Armor: Scale mail        |    55 |       |       ||    55
       Plate armour      |       |   134 |       ||   134
       Chain mail        |       |       |   209 ||   209
Dodge: Dodged            |    42 |    30 |   137 ||   209
Block: Kite shield       |    76 |   121 |   283 ||   480
